 Dungeon Crawl Stone Soup version 0.24.1-14-gf8d2b509d9 (webtiles) character file.

Game seed: 11887277339240816932, levelgen mode: deterministic

177300 ezni the Malleable (level 18, -4/217 HPs)
             Began as a Merfolk Gladiator on May 28, 2020.
             Was the Champion of Hepliaklqana.
             Slain by a merfolk impaler
             ... wielding a +3 trident of freezing
              (5 damage)
             ... on level 4 of the Shoals on May 29, 2020.
             The game lasted 02:50:36 (47934 turns).

ezni the Malleable (Merfolk Gladiator)             Turns: 47934, Time: 02:50:37

Health: -4/217     AC: 16    Str: 24    XL:     18   Next: 16%
Magic:  0/31       EV: 17    Int: 14    God:    Hepliaklqana [******]
Gold:   2692       SH:  0    Dex: 17    Spells: 28/35 levels left

rFire    + + .     SeeInvis .   (weapon currently unavailable)
rCold    . . .     Gourm    .   (shield currently unavailable)
rNeg     + . .     Faith    .   (armour currently unavailable)
rPois    +         Spirit   +   (helmet currently unavailable)
rElec    +         Reflect  .   (cloak currently unavailable)
rCorr    .         Harm     .   (gloves currently unavailable)
MR       +....                  (boots currently unavailable)
Stlth    ++........             X - amulet of guardian spirit
HPRegen  0.46/turn              J - ring of protection from fire
MPRegen  0.22/turn              R - ring of the Equinox {Ice rElec rPois rN+}

@: dragon-form, flying, very slightly contaminated
A: giant, (change form in water), (swift swim), (stealthy swim), reduced
essence, repulsion field 1
a: End Transformation, Recall Ancestor, Ancestor Identity, Transference,
Idealise, Renounce Religion, Breathe Fire


You were on level 4 of the Shoals.
You worshipped Hepliaklqana.
Hepliaklqana was exalted by your worship.
You were hungry.
You were a fearsome dragon!
You visited 6 branches of the dungeon, and saw 30 of its levels.
You also visited: Sewer, Bailey and Ice Cave.

You collected 3093 gold pieces.
You spent 401 gold pieces at shops.

Inventory:

Hand Weapons
 a - a +6 trident of freezing (melded)
Missiles
 l - 128 poisoned darts
 s - 35 javelins (quivered)
 L - 5 throwing nets
 W - 9 boomerangs of dispersal
Armour
 c - a +0 helmet (melded)
 e - a +2 pair of gloves of strength (melded)
 r - the +7 leather armour of the Ditch-Digger (melded) {rElec Int+4}
   (You found it on level 6 of the Dungeon)

   It affects your intelligence (+4).
   It insulates you from electricity.
 U - a +0 pair of boots (melded)
Magical Staves
 b - an uncursed staff of energy
Jewellery
 k - an uncursed ring of resist corrosion
 t - an uncursed ring of see invisible
 u - an uncursed ring of ice
 y - an uncursed ring of protection from cold
 J - a ring of protection from fire (left foreclaw)
 R - the ring of the Equinox (right foreclaw) {Ice rElec rPois rN+}
   (You acquired it on level 11 of the Dungeon)

   [ring of ice]

   It enhances your ice magic.
   It makes you vulnerable to fire.
   It protects you from cold.
   It insulates you from electricity.
   It protects you from poison.
   It protects you from negative energy.
 X - an amulet of guardian spirit (around neck)
Wands
 n - a wand of paralysis (15)
 x - a wand of disintegration (13)
 z - a wand of enslavement (5)
 G - a wand of digging (4)
 H - a wand of flame (9)
 I - a wand of iceblast (7)
 M - a wand of random effects (13)
Scrolls
 h - 6 scrolls of remove curse
 i - a scroll of immolation
 j - 6 scrolls of teleportation
 m - 9 scrolls of identify
 o - a scroll of holy word
 E - 3 scrolls of magic mapping
 F - a scroll of torment {unknown}
 N - a scroll of brand weapon {unknown}
 Q - a scroll of silence {unknown}
Potions
 d - a potion of magic
 p - a potion of curing
 q - 2 potions of cancellation
 w - 4 potions of brilliance
 A - 2 potions of agility
 D - 2 potions of haste
 K - 2 potions of might
 O - 4 potions of flight
 P - 2 potions of resistance
Comestibles
 f - 54 rations
 g - 3 chunks of flesh


   Skills:
 - Level 20.1 Fighting
 - Level 12.0 Polearms
 - Level 2.0 Throwing
 - Level 15.1 Dodging
 - Level 9.0 Spellcasting
 - Level 21.0 Transmutations
 + Level 9.1 Invocations


You had 28 spell levels left.
You knew the following spells:

 Your Spells              Type           Power        Failure   Level  Hunger
a - Dragon Form           Tmut           ######....   1%          7    #######

Your spell library contained the following spells:

 Spells                   Type           Power        Failure   Level  Hunger
 Beastly Appendage        Tmut           ######       0%          1    None
 Sticks to Snakes         Tmut           ######..     0%          2    None
 Petrify                  Tmut/Erth      #####...     1%          4    ####...
 Alistair's Intoxication  Tmut/Pois      #####...     4%          5    #####..
 Animate Skeleton         Necr           N/A          12%         1    None
 Corona                   Hex            #......      12%         1    None
 Infusion                 Chrm           #...         12%         1    None
 Pain                     Necr           #...         12%         1    None
 Shock                    Conj/Air       #...         12%         1    None
 Summon Small Mammal      Summ           #...         12%         1    None
 Blink                    Tloc           N/A          17%         2    None
 Call Imp                 Summ           #.......     17%         2    None
 Ensorcelled Hibernation  Hex/Ice        #.....       17%         2    None
 Shroud of Golubria       Chrm/Tloc      #.....       17%         2    None
 Song of Slaying          Chrm           #.......     17%         2    None
 Swiftness                Chrm/Air       #.......     17%         2    None
 Call Canine Familiar     Summ           #.......     34%         3    ##.....
 Confuse                  Hex            #.......     34%         3    ##.....
 Dazzling Spray           Conj/Hex       #.....       34%         3    ##.....
 Portal Projectile        Hex/Tloc       #.....       34%         3    ##.....
 Recall                   Summ/Tloc      N/A          34%         3    ##.....
 Regeneration             Chrm/Necr      #.........   34%         3    ##.....
 Spectral Weapon          Hex/Chrm       #.......     34%         3    ##.....
 Static Discharge         Conj/Air       #.......     34%         3    ##.....
 Summon Guardian Golem    Hex/Summ       #.......     34%         3    ##.....
 Tukima's Dance           Hex            #.......     34%         3    ##.....
 Vampiric Draining        Necr           #.........   34%         3    ##.....
 Airstrike                Air            #.........   75%         4    ####...
 Animate Dead             Necr           N/A          75%         4    ####...
 Summon Ice Beast         Ice/Summ       #.......     75%         4    ####...
 Summon Lightning Spire   Summ/Air       #.......     75%         4    ####...
 Aura of Abjuration       Summ           #.........   97%         5    #####..
 Lightning Bolt           Conj/Air       #.........   97%         5    #####..
 Summon Demon             Summ           #.........   97%         5    #####..
 Summon Forest            Summ/Tloc      #.........   97%         5    #####..
 Summon Mana Viper        Hex/Summ       #.......     97%         5    #####..
 Shadow Creatures         Summ           N/A          100%        6    #######
 Malign Gateway           Summ/Tloc      #.........   100%        7    #######


Dungeon Overview and Level Annotations

Branches:
Dungeon (15/15)            Temple (1/1) D:5            Lair (6/6) D:10
 Shoals (4/4) Lair:3       Spider (2/4) Lair:2        Slime (0/5) Lair:5
    Orc (2/2) D:9             Elf (0/3) Orc:2        Vaults (0/5) D:14
 Depths (0/5) D:15          Sewer (visited)          Bailey (visited)
  IceCv (visited)

Altars:
Ashenzari
Cheibriados
Dithmenos
Elyvilon
Fedhas
Gozag
Hepliaklqana
Kikubaaqudgha
Makhleb
Nemelex Xobeh
Okawaru
Qazlal
Ru
Sif Muna
Trog
Uskayaw
Vehumet
Wu Jian
Xom
Yredelemnul
Zin
The Shining One

Shops:
D:5 =   D:6 ?*%(?   D:11 (   D:15 ?   Orc:2 %*}%

Portals:
Trove: D:14 (give horn of Geryon)

Annotations:
D:4 Grinder
Lair:6 exclusion: oklob plant
Shoals:2 2 transporters, Wano's ghost, adept DrTm


Innate Abilities, Weirdness & Mutations

((You revert to your normal form in water.))
((You are very nimble and swift while swimming.))
((You are very stealthy in the water. (Stealth+)))
Your life essence is reduced to manifest your ancestor. (-10% HP)
You are surrounded by a mild repulsion field. (EV +2)
((Your flesh is heat resistant. (rF+)))


Message History

Okay, then.
Blink to where?
Press: ? - help, Dir - move target cursor
As you read the scroll of blinking, it crumbles to dust.
As you read the scroll of fog, it crumbles to dust.
The scroll dissolves into smoke.
You are feeling hungry.
The merfolk impaler hits you from afar with a +3 trident of freezing!
* * * LOW HITPOINT WARNING * * *
The merfolk impaler freezes you.
* * * LOW HITPOINT WARNING * * *
The merfolk impaler hits you from afar with a +3 trident of freezing!
* * * LOW HITPOINT WARNING * * *
The merfolk impaler freezes you.
* * * LOW HITPOINT WARNING * * *
You feel better.
The merfolk impaler hits you from afar with a +3 trident of freezing!
* * * LOW HITPOINT WARNING * * *
The merfolk impaler freezes you.
You die...

#######.≈≈≈≈.........##....[.....
##≈##≈...............###.(.......
.....................###.........
≈≈≈..............................
≈≈≈≈....................≈........
≈≈≈≈≈≈..............≈≈≈≈≈≈≈≈≈....
≈≈≈≈§§§§≈≈≈≈≈≈≈≈≈≈≈≈≈≈≈≈≈≈≈≈≈....
≈m≈≈§§§§≈≈≈≈≈≈m≈≈≈≈≈≈≈≈≈≈≈≈≈..≈.#
≈≈≈≈§§§§§≈≈≈≈≈m≈D≈≈≈≈≈≈≈≈≈≈≈.....
≈≈≈≈§§§§§≈≈≈≈≈≈≈≈≈≈≈≈≈≈≈≈≈≈≈≈.≈≈.
≈≈≈≈≈§§§≈≈≈≈≈≈≈≈≈≈≈≈≈≈≈≈≈≈≈≈≈≈≈≈≈
≈≈≈≈≈§§≈≈≈≈≈≈≈≈≈≈≈≈≈≈≈≈≈≈≈≈≈≈≈≈≈≈
≈≈≈≈§≈≈≈§≈≈≈≈≈≈≈≈≈≈≈≈≈≈≈≈≈≈≈≈≈≈≈≈
≈≈≈≈≈≈≈§≈≈≈≈≈≈≈≈≈≈≈≈≈≈≈≈≈≈≈≈≈≈≈≈≈
≈≈≈≈≈≈≈≈≈≈≈≈≈≈≈≈≈≈≈≈≈≈≈≈≈≈≈≈≈≈≈≈≈
#################################


You could see a merfolk impaler and a merfolk aquamancer.

Vanquished Creatures
  Polyphemus (Shoals:3)
  An emperor scorpion (Spider:1)
  A spark wasp (Spider:2)
  5 merfolk javelineers
  3 merfolk impalers
  Josephine (D:15)
  A fire dragon (D:15)
  2 hydras
  An ice dragon (D:15)
  An alligator snapping turtle (Shoals:4)
  6 vault guards
  2 merfolk avatars (Shoals:4)
  A merfolk aquamancer (Shoals:3)
  3 ogre magi
  19 two-headed ogres
  6 death yaks
  A tengu warrior (D:14)
  A fire crab (Lair:6)
  6 sea snakes
  An unseen horror (shapeshifter) (D:14)
  An unseen horror (D:14)
  A deep troll (Orc:2)
  An orc knight (Orc:1)
  2 orc sorcerers (Orc:2)
  2 orb spiders
  16 harpies
  10 wolf spiders
  2 cyclopes (Orc:2)
  8 ugly things
  8 manticores
  2 fauns
  2 black mambas
  10 elephants
  7 water nymphs
  8 merfolk sirens
  An ice statue (IceCv)
  A gargoyle (D:12)
  10 spiny frogs
  2 rime drakes
  A freezing wraith (D:15)
  2 kobold demonologists
  2 komodo dragons
  2 demonic crawlers
  4 ice devils
  11 trolls
  23 merfolk
  4 wind drakes
  A tengu conjurer (D:15)
  12 jumping spiders
  4 hornets
  8 snapping turtles
  7 slime creatures
  6 blink frogs
  6 hippogriffs
  A polar bear (Lair:5)
  21 redbacks
  Sigmund (D:4)
  5 wyverns
  4 water elementals
  24 yaks
  2 wraiths
  6 tarantellas
  2 basilisks
  A hungry ghost (D:7)
  A warg (Lair:1)
  Menkaure (D:4)
  An acid dragon (D:11)
  6 porcupines
  23 orc warriors
  8 water moccasins
  4 ice beasts
  4 sky beasts
  6 centaurs
  A phantom (D:11)
  26 wolves
  16 ogres
  An eye of draining (D:12)
  3 big kobolds
  10 crocodiles
  7 bullfrogs
  6 scorpions
  A water moccasin skeleton (D:12)
  2 killer bees
  13 wights
  3 electric eels (Spider:1)
  A howler monkey (D:5)
  6 crimson imps
  2 bullfrog zombies
  A quasit (D:15)
  9 orc priests
  2 centaur zombies
  7 hounds
  3 centaur skeletons
  A jelly (D:5)
  2 bullfrog skeletons
  Terence (D:3)
  7 orc wizards
  5 iguanas
  2 hell rats (Lair:3)
  7 worker ants
  A hound zombie (D:6)
  10 gnolls
  A howler monkey skeleton (D:6)
  14 adders
  10 river rats
  4 shadow imps
  5 white imps (IceCv)
  4 ufetubi (IceCv)
  An ooze (D:3)
  4 worms
  2 dart slugs
  6 leopard geckos
  45 orcs
  5 ball pythons (Sewer)
  7 bats
  18 giant cockroaches
  4 goblins
  10 hobgoblins
  7 jackals
  30 kobolds
  2 quokkas
  6 frilled lizards
  A jackal zombie (D:4)
  A leopard gecko skeleton (D:7)
  29 rats
  2 rat zombies (D:5)
  A plant (Lair:6)
  6 tentacles
752 creatures vanquished.

Vanquished Creatures (collateral kills)
  2 krakens
  Ilsuiw (Shoals:3)
  An entropy weaver (Spider:1)
  Nessos (D:15)
  A merfolk impaler (Shoals:1)
  A vault guard (D:14)
  4 hydras
  A catoblepas (Shoals:3)
  A merfolk avatar (Lair:6)
  A satyr (Shoals:4)
  An ogre mage (Orc:2)
  3 two-headed ogres
  4 death yaks
  A deep troll (Orc:1)
  3 sea snakes
  2 unseen horrors
  4 harpies
  5 wolf spiders
  2 orb spiders
  An orc sorcerer (Orc:1)
  3 ugly things (D:15)
  2 cyclopes
  6 fauns
  4 elephants
  5 manticores
  5 merfolk sirens
  An ice statue (IceCv)
  A torpor snail (Spider:1)
  A centaur zombie (D:14)
  A water nymph (Shoals:4)
  4 spiny frogs
  4 rime drakes (Lair:6)
  A kobold demonologist (D:15)
  3 komodo dragons
  3 ice devils
  A tengu conjurer (D:14)
  8 merfolk
  6 jumping spiders
  4 trolls
  3 polar bears (Lair:6)
  A wind drake (Lair:6)
  6 slime creatures
  4 snapping turtles
  2 hippogriffs
  5 blink frogs
  17 redbacks
  2 water elementals
  5 yaks
  3 wraiths (D:15)
  A wyvern (D:13)
  5 tarantellas
  2 basilisks
  A hungry ghost (D:15)
  A soldier ant (D:14)
  6 water moccasins
  9 orc warriors
  6 porcupines (Lair:2)
  An eye of draining (D:12)
  2 black bears
  8 wolves
  A phantom (D:9)
  6 ogres
  3 centaurs (D:13)
  8 crocodiles
  7 bullfrogs
  A water moccasin zombie (D:10)
  A wyvern zombie (D:14)
  2 scorpions
  2 killer bees (D:10)
  6 wights
  2 crimson imps
  2 orc priests
  A jelly (Lair:5)
  9 orc wizards
  A hell rat (Lair:3)
  A worker ant (D:14)
  A worker ant zombie (D:7)
  A gnoll (Orc:1)
  2 adders
  2 river rats (Lair:3)
  A shadow imp (D:14)
  6 white imps (IceCv)
  4 ufetubi (IceCv)
  A leopard gecko (D:11)
  27 orcs
  2 jackals
  3 kobolds
  A quokka (D:6)
  A rat (Lair:3)
  A fungus (D:10)
  A plant (Shoals:1)
  2 tentacles (Shoals:3)
302 creatures vanquished.

Vanquished Creatures (others)
  A reaper (IceCv)
  A wolf spider (Spider:2)
  An ogre (Orc:2)
  25 knights
  A white imp (IceCv)
  An ufetubus (IceCv)
  An orc (Orc:1)
  18 fungi
  28 plants
  38 tentacles
115 creatures vanquished.

Grand Total: 1169 creatures vanquished

Notes
Turn   | Place    | Note
-------+----------+-------------------------------------------
     0 | D:1      | ezni the Merfolk Gladiator began the quest for the Orb.
     0 | D:1      | Reached XP level 1. HP: 16/16 MP: 1/1
   116 | D:1      | Reached skill level 5 in Polearms
   124 | D:1      | Reached XP level 2. HP: 22/22 MP: 2/2
   418 | D:1      | Reached XP level 3. HP: 26/27 MP: 3/3
  1097 | D:2      | Reached XP level 4. HP: 25/33 MP: 4/4
  1415 | D:2      | Found a snail-covered altar of Cheibriados.
  2150 | D:3      | Noticed Terence
  2164 | D:3      | Killed Terence
  2164 | D:3      | Reached XP level 5. HP: 38/38 MP: 5/5
  2198 | D:3      | Found a glowing drain.
  2212 | Sewer    | Entered a sewer
  2946 | Sewer    | Noticed a big kobold
  3303 | Sewer    | Killed a big kobold
  3303 | Sewer    | Reached XP level 6. HP: 31/44 MP: 6/6
  3854 | D:3      | Reached skill level 10 in Polearms
  4347 | D:4      | Noticed Menkaure
  4394 | D:4      | Noticed Sigmund
  4612 | D:3      | Gained mutation: You are surrounded by a mild repulsion
                  | field. (EV +2) [potion of mutation]
  4612 | D:3      | Gained mutation: Your flesh is heat resistant. (rF+)
                  | [potion of mutation]
  4639 | D:4      | Killed Sigmund
  4639 | D:4      | Reached XP level 7. HP: 50/50 MP: 7/7
  4871 | D:4      | Killed Menkaure
  5437 | D:4      | Found a sparkling altar of Nemelex Xobeh.
  5571 | D:5      | Entered Level 5 of the Dungeon
  5627 | D:5      | Noticed Grinder
  5654 | D:4      | Reached XP level 8. HP: 25/60 MP: 8/8
  5844 | D:4      | Paralysed by Grinder for 7 turns
  6184 | D:5      | Reached skill level 5 in Fighting
  6787 | D:5      | Found Noull's Jewellery Shoppe.
  6814 | D:5      | Found a staircase to the Ecumenical Temple.
  6853 | Temple   | Entered the Ecumenical Temple
  6972 | Temple   | Became a worshipper of Hepliaklqana the Forgotten
  7071 | D:5      | Found an ancient bone altar of Kikubaaqudgha.
  7133 | D:5      | Found a shimmering blue altar of Sif Muna.
  7276 | D:6      | Got a transparent leather armour
  7287 | D:6      | Identified the +7 leather armour of the Ditch-Digger {rElec
                  | Int+4} (You found it on level 6 of the Dungeon)
  7354 | D:6      | Found Olextar's Assorted Antiques.
  7698 | D:6      | Found Dusohis's Magic Scroll Shop.
  7702 | D:6      | Bought a scroll of identify for 28 gold pieces
  7710 | D:6      | Reached * piety under Hepliaklqana
  7816 | D:6      | Reached XP level 9. HP: 43/67 MP: 9/9
  7973 | D:6      | Found Ikaraalo's Weapon Shoppe.
  8065 | D:6      | Found Zosif's Magic Scroll Shop.
  8274 | D:6      | Reached skill level 5 in Dodging
  8321 | D:6      | Found Keseo's Food Shoppe.
  8508 | D:7      | Found a shattered altar of Ashenzari.
  8510 | D:7      | Found a blossoming altar of Fedhas.
  8743 | D:7      | Noticed a hornet
  8761 | D:7      | Killed a hornet
  9027 | D:7      | Found a basalt altar of Yredelemnul.
  9036 | D:7      | Found a glowing golden altar of the Shining One.
  9056 | D:7      | Found an ornate altar of the Wu Jian Council.
  9424 | D:7      | Reached ** piety under Hepliaklqana
  9425 | D:7      | Remembered your ancestor Inhapi as a knight
  9881 | D:7      | Noticed an angel
  9929 | D:8      | Reached skill level 10 in Dodging
 10119 | D:8      | Found a hide-covered altar of Uskayaw.
 10167 | D:8      | Found a burning altar of Makhleb.
 10227 | D:8      | Found a glowing silver altar of Zin.
 10272 | D:8      | Reached XP level 10. HP: 69/74 MP: 10/10
 10466 | D:8      | Found an ornate altar of the Wu Jian Council.
 10556 | D:9      | Found a staircase to the Orcish Mines.
 10557 | D:9      | Noticed a two-headed ogre
 11234 | D:9      | Killed a two-headed ogre
 11682 | D:10     | Entered Level 10 of the Dungeon
 11866 | D:10     | Reached *** piety under Hepliaklqana
 12442 | D:10     | Reached skill level 15 in Dodging
 12442 | D:10     | Reached XP level 11. HP: 50/80 MP: 11/11
 12700 | D:10     | Found a staircase to the Lair.
 12957 | Lair:1   | Entered Level 1 of the Lair of Beasts
 12961 | Lair:1   | Found an ornate altar of the Wu Jian Council.
 13210 | Lair:1   | Reached skill level 10 in Fighting
 13457 | Lair:1   | Reached **** piety under Hepliaklqana
 13511 | Lair:1   | Noticed an eight-headed hydra
 14129 | Lair:1   | Killed a 13-headed hydra
 14853 | Lair:2   | Reached XP level 12. HP: 94/94 MP: 12/12
 14904 | Lair:2   | Found a hole to the Spider Nest.
 15622 | Lair:3   | Reached skill level 15 in Fighting
 15927 | Lair:3   | Reached ***** piety under Hepliaklqana
 16624 | Lair:3   | Noticed a six-headed hydra
 16637 | Lair:3   | Killed a six-headed hydra
 16654 | Lair:3   | Found a staircase to the Shoals.
 17782 | Lair:4   | Reached XP level 13. HP: 107/107 MP: 13/13
 18449 | Lair:5   | Found a staircase to the Slime Pits.
 19647 | Lair:6   | Entered Level 6 of the Lair of Beasts
 20864 | Lair:6   | Reached XP level 14. HP: 102/119 MP: 14/14
 22391 | Lair:6   | Identified the Almanac of Gliding Transmigration
 22496 | Lair:6   | Learned a level 7 spell: Dragon Form
 22780 | D:11     | Reached skill level 1 in Spellcasting
 22927 | D:11     | Identified a scroll of acquirement
 22935 | D:11     | Got a warped tin ring
 22937 | D:11     | Identified the ring of the Equinox {Ice rElec rPois rN+}
                  | (You acquired it on level 11 of the Dungeon)
 23182 | D:11     | Found a frozen archway.
 23205 | IceCv    | Entered an ice cave
 23687 | IceCv    | Killed a reaper
 24540 | D:11     | Found Peolis's Weapon Shoppe.
 24902 | D:11     | Reached skill level 5 in Spellcasting
 25189 | D:12     | Found a flagged portal.
 25205 | Bailey   | Entered a bailey
 25473 | Bailey   | Found the +3 hat of Pondering {ponderous, MR+ MP+10 Int+5}
 26850 | D:12     | Reached ****** piety under Hepliaklqana
 27377 | D:13     | Reached XP level 15. HP: 90/126 MP: 18/27
 27554 | D:13     | Found a snail-covered altar of Cheibriados.
 27558 | D:13     | Found a burning altar of Makhleb.
 28491 | D:14     | Found a gate to the Vaults.
 28519 | D:14     | Reached skill level 2 in Transmutations
 28528 | D:13     | Reached skill level 3 in Transmutations
 28843 | D:14     | Reached skill level 1 in Invocations
 29182 | D:14     | Found a portal to a secret trove of treasure.
 29539 | D:14     | Reached skill level 5 in Invocations
 29792 | D:15     | Entered Level 15 of the Dungeon
 29808 | D:15     | Noticed Nessos
 29820 | D:15     | Killed Nessos
 29820 | D:15     | Reached skill level 4 in Transmutations
 29910 | D:15     | Noticed Josephine
 29919 | D:15     | Killed Josephine
 29919 | D:15     | Reached skill level 5 in Transmutations
 30106 | D:15     | Reached skill level 6 in Transmutations
 30497 | D:15     | Found a staircase to the Depths.
 30593 | D:15     | Reached skill level 7 in Transmutations
 30667 | D:15     | Found Gefyng's Magic Scroll Emporium.
 30788 | D:15     | Reached skill level 8 in Transmutations
 31581 | D:11     | Bought a +3 glaive of freezing for 373 gold pieces
 31746 | Orc:1    | Entered Level 1 of the Orcish Mines
 31952 | Orc:1    | Reached skill level 9 in Transmutations
 32162 | Orc:2    | Entered Level 2 of the Orcish Mines
 32805 | Orc:1    | Reached skill level 10 in Transmutations
 32949 | Orc:2    | Reached skill level 11 in Transmutations
 33136 | Orc:2    | Found Unniowat's Assorted Antiques.
 33152 | Orc:2    | Reached XP level 16. HP: 130/133 MP: 27/29
 33163 | Orc:2    | Reached skill level 12 in Transmutations
 33450 | Orc:2    | Reached skill level 13 in Transmutations
 33475 | Orc:2    | Found Haip's Food Boutique.
 33605 | Orc:2    | Found Kelieh's Food Emporium.
 33617 | Orc:2    | Found Weygitta's Gadget Shop.
 33787 | Orc:2    | Found a staircase to the Elven Halls.
 34424 | Spider:1 | Entered Level 1 of the Spider Nest
 34432 | Lair:2   | Reached skill level 14 in Transmutations
 35078 | Spider:1 | You fall into a shaft and drop 1 floor!
 35099 | Spider:2 | Reached skill level 15 in Transmutations
 35533 | Spider:2 | Reached skill level 16 in Transmutations
 37142 | Spider:2 | Reached skill level 17 in Transmutations
 38109 | Shoals:1 | Entered Level 1 of the Shoals
 38310 | Shoals:1 | Reached XP level 17. HP: 128/139 MP: 27/30
 38949 | Shoals:1 | Reached skill level 18 in Transmutations
 40814 | Shoals:2 | Found a transporter.
 40875 | Shoals:2 | Found a transporter.
 41037 | Shoals:2 | Reached skill level 19 in Transmutations
 41562 | Shoals:2 | Noticed Wano's ghost (adept DrTm)
 43238 | Shoals:3 | Noticed Polyphemus
 43289 | Shoals:3 | Killed Polyphemus
 43465 | Shoals:3 | Noticed a kraken
 43969 | Shoals:3 | Noticed Ilsuiw
 43980 | Shoals:3 | Reached skill level 20 in Transmutations
 44010 | Shoals:3 | Killed Ilsuiw
 44605 | Shoals:3 | Killed a kraken
 44676 | Shoals:4 | Entered Level 4 of the Shoals
 45939 | Shoals:4 | Reached skill level 21 in Transmutations
 45972 | Shoals:4 | Noticed a kraken
 46618 | Shoals:4 | Identified the Volume of Virous Displacement
 47256 | Shoals:4 | Reached XP level 18. HP: 122/145 MP: 28/31
 47930 | Shoals:4 | HP: 6/217 [merfolk impaler/+3 trident of freezing (10)]
 47934 | Shoals:4 | HP: 1/217 [merfolk impaler/+3 trident of freezing (13)]
 47934 | Shoals:4 | Slain by a merfolk impaler

Levels and vault maps discovered:
D:1:      minmay_arrival_stair_chambers, layout_basic, roderic_serpentine_path,
          minmay_worlds_worst_comb
D:2:      minmay_door_path, layout_basic, lemuel_crystal_altar,
          hex_intersection, minivault_11, minmay_pentomino_r4
D:3:      layout_basic, portal_sewer_entry_d, uniq_terence
D:4:      layout_loops_ring, kennysheep_mini, amethyst_killhole, uniq_menkaure,
          uniq_sigmund
D:5:      layout_cave_pools, lemuel_zombie_altar_kikubaaqudgha,
          marbit_many_paths, temple_statues, serial_shops, shop, first_ration,
          uniq_grinder
D:6:      layout_basic, serial_shops, shop, shop, shop_fountains, shop, shop,
          uniq_crazy_yiuf_cottage
D:7:      layout_basic, grunt_temple_overflow_holy_war,
          chequers_temple_overflow_statue_of_worship, minmay_ruined_shrine
D:8:      layout_rooms, kennysheep_little_box, overflow_temple_1_default,
          lemuel_coloured_pillars_altar, lemuel_doored_altar
D:9:      layout_roguey, david_orc_2, hangedman_fish_farm, grunt_decor_cap,
          minmay_misc_feat_hallway, kennysheep_windowed_goal
D:10:     layout_cave_pods, grunt_lair_entry_orc_guard_hut
D:11:     layout_long_grid, portal_ice_cave_demonic_guard, serial_shops,
          shop_statue
D:12:     layout_roguey, enter_bailey_6
D:13:     layout_basic, basic_altar, cheibriados_altar_1
D:14:     layout_stronghold, erik_vaults_2, serial_co_window_serial,
          co_window_paths_b, co_window_paths_b, co_window_corner_a,
          co_window_corner_a, co_window_corner_a, co_window_of_opportunity_a,
          co_window_paths_a, co_window_of_opportunity_c, co_window_corner_b,
          co_window_2corner, co_window_broadway_c, co_window_of_opportunity_c,
          glass_columns_c, glass_columns_b, glass_columns_c, glass_columns_b,
          glass_columns_b, enter_trove_3, minmay_holes, minivault_26
D:15:     grunt_enter_depths_hoard, layout_long_grid, serial_shops, shop,
          uniq_josephine, uniq_nessos
Temple:   zaba_magenta_temple
Lair:1:   beast_lair_carwin_large_2, layout_regular_city, basic_altar,
          grunt_megastairs_5
Lair:2:   layout_misc_corridors, spider_nest_entry_a, beast_lair_carwin_7
Lair:3:   layout_regular_city, minmay_shoals_entry_beasts,
          kennysheep_abandoned_house, infiniplex_staircase_pool_2
Lair:4:   layout_cave_pods
Lair:5:   layout_small_grid, minmay_slime_entry_pillars
Lair:6:   gammafunk_lair_ancient_temple, layout_cave_pods,
          gauntlet_entry_generic
Shoals:1: layout_shoals
Shoals:2: layout_shoals, gammafunk_ghost_arena
Shoals:3: layout_shoals, nicolae_shoals_seven_spires,
          nicolae_shoals_kraken_intersection, uniq_polyphemus, uniq_ilsuiw
Shoals:4: shoals_end_grunt_ice, layout_shoals, nicolae_shoals_wave_tunnel
Spider:1: layout_spider_delve, guppyfry_spider_mini_2
Spider:2: cheibrodos_spider_silkery
Orc:1:    layout_caves
Orc:2:    st_orc_open, layout_caves

Skill      XL: |  1  2  3  4  5  6  7  8  9 10 11 12 13 14 15 16 17 18 |
---------------+-------------------------------------------------------+-----
Polearms       | 5 6 8 9 11 12 | 12.0
Fighting       | 4 8 9 13 16 19 20 | 20.1
Dodging        | 11 15 | 15.1
Spellcasting   | 8 9 |  9.0
Transmutations | 11 17 21 | 21.0
Invocations    | 5 7 9 |  9.1
Throwing       | |  2.0

Action                   |  1- 3 |  4- 6 |  7- 9 | 10-12 | 13-15 | 16-18 || total
-------------------------+-------+-------+-------+-------+-------+-------++-------
Melee: Trident           |   129 |   327 |   242 |       |       |   124 ||   822
       Tailslap          |       |     9 |       |     6 |    14 |    64 ||    93
       Spear             |       |       |   229 |   225 |    34 |       ||   488
       Falchion          |       |       |       |   418 |   607 |       ||  1025
       Demon blade       |       |       |       |       |   365 |       ||   365
       Executioner's axe |       |       |       |       |    23 |       ||    23
       Scythe            |       |       |       |       |     6 |       ||     6
       Glaive            |       |       |       |       |   126 |   580 ||   706
       Unarmed           |       |       |       |       |       |   113 ||   113
       Bite              |       |       |       |       |       |    20 ||    20
Throw: Throwing net      |     1 |       |       |     3 |     4 |       ||     8
       Dart              |       |    16 |    19 |       |    15 |       ||    50
       Javelin           |       |       |       |     3 |    14 |    19 ||    36
       Boomerang         |       |       |       |       |     1 |       ||     1
 Cast: Dragon Form       |       |       |       |       |       |    16 ||    16
Invok: Recall Ancestor   |       |       |     1 |     1 |     4 |    14 ||    20
       Ancestor Life: Kn |       |       |     1 |       |       |       ||     1
       Transference      |       |       |       |       |     2 |     6 ||     8
       Idealise          |       |       |       |       |       |     1 ||     1
 Abil: Breathe Fire      |       |       |       |       |       |    18 ||    18
       End Transformatio |       |       |       |       |       |     1 ||     1
Evoke: Wand              |       |       |     1 |     5 |    51 |    22 ||    79
  Use: Potion            |       |     9 |     7 |       |     7 |     6 ||    29
       Scroll            |       |     8 |     3 |     5 |    24 |     9 ||    49
 Stab: Sleeping          |     5 |     5 |     3 |     1 |     2 |     2 ||    18
       Invisible         |       |     1 |       |       |       |       ||     1
       Distracted        |       |       |     2 |     5 |    19 |     5 ||    31
       Paralysed         |       |       |    10 |       |       |       ||    10
       Confused          |       |       |       |     1 |       |       ||     1
       Held in net/web   |       |       |       |     2 |     4 |       ||     6
       Petrified         |       |       |       |       |       |     1 ||     1
  Eat: Chunk             |     1 |    10 |    15 |    26 |    30 |    39 ||   121
       Ration            |       |       |     1 |       |     6 |     5 ||    12
Armor: Leather armour    |    37 |    45 |    49 |   108 |   319 |   123 ||   681
       Skin              |       |       |     4 |       |       |    83 ||    87
Dodge: Dodged            |    68 |   166 |   192 |   698 |  1674 |  1083 ||  3881
       Rpst.: Falchion   |       |       |       |   166 |   236 |       ||   402
       Demon blade       |       |       |       |       |   111 |       ||   111
